 Dungeon Crawl Stone Soup version 0.22-a0-367-gb72a975 (webtiles) character file.

1187 khargal the Slasher (level 8, 0/67 (68) HPs)
             Began as a Purple Draconian Monk on Apr 22, 2018.
             Succumbed to a water moccasin's poison
             ... on level 6 of the Dungeon.
             The game lasted 00:12:32 (5732 turns).

khargal the Slasher (Purple Draconian Monk)         Turns: 5732, Time: 00:12:33

HP:   0/67 (68)     AC:  8    Str: 14    XL:     8   Next: 19%
MP:   8/8           EV: 15    Int: 10    God:
Gold: 300           SH:  0    Dex: 16    Spells: 7/7 levels left

rFire    . . .     SeeInvis .   e - +1 long sword (elec)
rCold    . . .     Gourm    .   (no shield)
rNeg     . . .     Faith    .   (armour unavailable)
rPois    .         Spirit   .   y - +0 hat
rElec    .         Reflect  .   (no cloak)
rCorr    .         Harm     .   (no gloves)
MR       +....     Rnd*Tele +   (no boots)
Stlth    ++........             p - amulet of inaccuracy (curse)
HPRegen  0.21/turn              w - ring of teleportation (curse)
MPRegen  0.11/turn              d - +2 ring of protection

@: lethally poisoned (0 -> -16), short of breath
A: breathe power, unfitting armour, cold-blooded, AC +6
a: Breathe Dispelling Energy


You were on level 6 of the Dungeon.
You were not hungry.

You visited 1 branch of the dungeon, and saw 6 of its levels.

You collected 300 gold pieces.

Inventory:

Hand Weapons
 a - a +0 mace
 e - a +1 long sword of electrocution (weapon)
 f - a +0 blowgun
 u - a +1 whip
Missiles
 q - 14 poisoned needles
Armour
 y - a +0 hat (worn)
Jewellery
 c - a +2 ring of strength
 d - a +2 ring of protection (right hand)
 k - an uncursed ring of resist corrosion
 m - an uncursed ring of see invisible
 p - a cursed amulet of inaccuracy (around neck)
 t - an uncursed amulet of guardian spirit
 w - a cursed ring of teleportation (left hand)
 x - a cursed amulet of magic regeneration {unknown}
Wands
 l - a wand of polymorph (21)
 r - a wand of flame (44)
Scrolls
 o - a scroll of fog
 s - a scroll of enchant armour
 v - 3 scrolls of identify
Potions
 g - a potion of brilliance
 h - 3 potions of heal wounds
 i - a potion of might
 j - 7 potions of curing
 n - 2 potions of flight {unknown}
Comestibles
 b - 11 rations


   Skills:
 - Level 5.0 Fighting
 * Level 5.6 Long Blades
 - Level 5.1 Maces & Flails
 + Level 5.3 Dodging
 - Level 3.0 Stealth


You had 7 spell levels left.
You didn't know any spells.

Dungeon Overview and Level Annotations

Branches:
Dungeon (6/15)
 Temple: D:4-7

Altars:
Cheibriados
Fedhas
Gozag

Annotations:
D:3 exclusion: oklob plant


Innate Abilities, Weirdness & Mutations

You can breathe bolts of dispelling energy.
Your rich purple scales are hard. (AC +6)
You cannot fit into any form of body armour.
You are cold-blooded and may be slowed by cold attacks.


Message History

* * * LOW HITPOINT WARNING * * *
You feel sick. The worker ant closely misses you.
You riposte.
You hit the worker ant.
The worker ant is severely wounded.
You barely miss the worker ant.
The worker ant is severely wounded.
* * * LOW HITPOINT WARNING * * *
You feel very sick. The worker ant closely misses you.
The worker ant bites you.
* * * LOW HITPOINT WARNING * * *
You hit the worker ant but do no damage.
The worker ant is severely wounded.
* * * LOW HITPOINT WARNING * * *
You feel sick. The worker ant barely misses you.
You riposte.
You barely miss the worker ant.
The worker ant is severely wounded.
You closely miss the worker ant.
You tail-slap the worker ant, but do no damage.
The worker ant is severely wounded.
You die...

###############
#.........(...#
#.#####.##.##.# #.#
##.##.##.# #.#
#.........
####.####..##.##..
#@......#..##.##..
#....a†...............)
#.####.##.##.#####.###.
#.##.##.# #.# #.
#.##%.. . ..# #.
..##### ########. ###
......... ########. #.


You could see a worker ant.

Vanquished Creatures
  A water moccasin (D:6)
  3 ice beasts
  A necrophage (D:5)
  A phantom (D:5)
  An ogre (D:4)
  2 bullfrogs (D:5)
  A scorpion (D:4)
  2 crimson imps
  A bullfrog skeleton (D:4)
  2 iguanas
  An orc wizard (D:3)
  A howler monkey skeleton (D:5)
  6 adders
  A shadow imp (D:5)
  An ooze (D:3)
  5 worms
  3 dart slugs (D:2)
  2 leopard geckos
  5 orcs
  A ball python (D:3)
  6 bats
  7 giant cockroaches
  10 goblins
  5 hobgoblins
  20 jackals
  2 quokkas
  3 frilled lizards
  A jackal zombie (D:6)
  3 kobolds
  4 rats
102 creatures vanquished.

Notes
Turn   | Place    | Note
-------+----------+-------------------------------------------
     0 | D:1      | khargal the Draconian Monk began the quest for the Orb.
     0 | D:1      | Reached XP level 1. HP: 19/19 MP: 1/1
   759 | D:1      | Reached XP level 2. HP: 26/26 MP: 2/2
  1073 | D:2      | Reached XP level 3. HP: 32/33 MP: 3/3
  1551 | D:2      | Reached XP level 4. HP: 40/40 MP: 4/4
  2318 | D:3      | Reached XP level 5. HP: 46/46 MP: 5/5
  2359 | D:3      | Found an opulent altar of Gozag.
  2398 | D:3      | Found a blossoming altar of Fedhas.
  2417 | D:3      | Noticed an oklob plant
  3994 | D:4      | Reached skill level 5 in Maces & Flails
  3994 | D:4      | Reached XP level 6. HP: 26/53 MP: 6/6
  4420 | D:4      | Reached skill level 1 in Long Blades
  4747 | D:5      | Entered Level 5 of the Dungeon
  4922 | D:5      | Found a snail-covered altar of Cheibriados.
  4966 | D:5      | Your scales start taking on a rich purple colour.
  4966 | D:5      | Reached XP level 7. HP: 53/59 MP: 7/7
  5047 | D:5      | Reached skill level 5 in Fighting
  5552 | D:6      | Reached skill level 5 in Dodging
  5610 | D:6      | Reached skill level 5 in Long Blades
  5610 | D:6      | Reached XP level 8. HP: 16/67 MP: 8/8
  5730 | D:6      | HP: 3/67 [worker ant (3)]
  5732 | D:6      | Succumbed to a water moccasin's poison

Vault maps used:
D:1:      dpeg_arrival_solitude
D:2:      first_ration, minmay_cut_off
D:3:      nicolae_overflow_hidden_temple, tgw_fedhas
D:5:      marbit_many_paths
D:6:      nicolae_overflow_crystal_walls, old_standard_altar,
          minmay_temple_entry_nine_rooms, uniq_grinder

Skill      XL: |  1  2  3  4  5  6  7 |
---------------+----------------------+-----
Dodging        | 3 4 5 |  5.3
Stealth        | 2 3 |  3.0
Fighting       | 4 5 |  5.0
Maces & Flails | 4 5 |  5.1
Long Blades    | 2 5 |  5.6

Action                   |  1- 3 |  4- 6 |  7- 9 || total
-------------------------+-------+-------+-------++-------
Melee: Mace              |   110 |   158 |       ||   268
       Tailslap          |    14 |    41 |    14 ||    69
       Whip              |       |    48 |       ||    48
       Long sword        |       |    35 |    94 ||   129
 Abil: Breathe Dispellin |       |       |     3 ||     3
  Use: Scroll            |     1 |    15 |       ||    16
 Stab: Sleeping          |     8 |     8 |       ||    16
  Eat: Chunk             |     2 |     5 |       ||     7
       Ration            |       |     3 |       ||     3
Armor: Skin              |    33 |    70 |    35 ||   138
Dodge: Dodged            |   110 |   162 |    69 ||   341
       Rpst.: Long sword |       |    11 |    25 ||    36

Table legend:
 A = Spawn XP
 B = Non-spawn XP
 C = Spawn XP percentage of total XP
 D = Spawn monster count
 E = Non-spawn monster count
 F = Spawn count percentage of total count
 G = Total turns spent on level
                    A         B        C        D         E        F      G
               +---------+---------+-------+---------+---------+-------+---------
         Total |       0 |    1696 |   0.0 |       0 |     102 |   0.0 |  5732
               +---------+---------+-------+---------+---------+-------+---------
           D:1 |       0 |      22 |   0.0 |       0 |      14 |   0.0 |  1040
           D:2 |       0 |     104 |   0.0 |       0 |      27 |   0.0 |   774
           D:3 |       0 |     142 |   0.0 |       0 |      23 |   0.0 |  1775
           D:4 |       0 |     306 |   0.0 |       0 |      14 |   0.0 |  1158
           D:5 |       0 |     658 |   0.0 |       0 |      15 |   0.0 |   780
           D:6 |       0 |     464 |   0.0 |       0 |       9 |   0.0 |   205
               +---------+---------+-------+---------+---------+-------+---------
